General information
- name: BNet
- type: Ladder team game (AT/RT)
- host: Battle.net
- saver: Tzimisce
map: FullScaleAssault
- players: 8
- length: 41:38
- speed: Fast
- version: 1.26 W3XP
- replay type: Public
» download(225 KB)
Players
team 1 (loser)

»
VitaminD (
green | 61 APM | 2534 actions | 41:37)
8 Tauren Chieftain
3 Endurance Aura
3 War Stomp
1 Reincarnation
1 Shockwave
» actions
| Assign group hotkey | 25 | |
| Basic commands | 305 | |
| Build / train | 73 | |
| ESC pressed | 1 | |
| Enter build submenu | 16 | |
| Enter hero's abilities submenu | 8 | |
| Give item / drop item | 5 | |
| Right click | 964 | |
| Select / deselect | 386 | |
| Select group hotkey | 638 | |
| Use ability | 113 | |
2534 total
» units
| Peon | 18 | |
| Grunt | 3 | |
| Shaman | 10 | |
| Tauren | 8 | |
| Goblin Shredder | 1 | |
| Goblin Zeppelin | 1 | |
| Blue Dragon | 1 | |
| Blue Drake | 1 | |
| Blue Dragon Whelp | 1 | |
44 total
» upgrades
| Armor | 3 | |
| Melee Weapons | 3 | |
| Shaman Training | 2 | |
| Pillage | 1 | |
| Pulverize | 1 | |
| Reinforced Defenses | 1 | |
| Spiked Barricades | 1 | |
12 total
» buildings
| Altar of Storms | 1 | |
| Orc Burrow | 4 | |
| Barracks | 1 | |
| Voodoo Lounge | 1 | |
| War Mill | 1 | |
| Stronghold | 1 | |
| Fortress | 1 | |
| Spirit Lodge | 2 | |
| Tauren Totem | 2 | |
| Watch Tower | 2 | |
16 total
» build order
00:07 Altar of Storms
00:38 Orc Burrow
00:40 Barracks
01:50 Voodoo Lounge
02:21 Orc Burrow
02:38 War Mill
03:16 Stronghold
05:43 Fortress
05:46 Spirit Lodge
05:52 Orc Burrow
07:36 Spirit Lodge
08:18 Tauren Totem
09:06 Tauren Totem
13:21 Orc Burrow
23:29 Watch Tower
24:36 Watch Tower
» items
| Healing Salve | 1 | |
| Tiny Great Hall | 1 | |
| Orb of Lightning | 1 | |
| Lesser Clarity Potion | 2 | |
5 total

»
Tojaro (
red | 25 APM | 1028 actions | 41:37)
5 Death Knight
3 Death Coil
2 Unholy Aura
2 Crypt Lord
1 Impale
1 Carrion Beetles
» actions
| Assign group hotkey | 16 | |
| Basic commands | 47 | |
| Build / train | 45 | |
| Enter build submenu | 31 | |
| Enter hero's abilities submenu | 7 | |
| Give item / drop item | 1 | |
| Right click | 440 | |
| Select / deselect | 290 | |
| Select group hotkey | 71 | |
| Use ability | 80 | |
1028 total
» units
| Acolyte | 8 | |
| Ghoul | 4 | |
| Crypt Fiend | 11 | |
| Obsidian Statue | 2 | |
| Frost Wyrm | 1 | |
26 total
» upgrades
» buildings
| Altar of Darkness | 1 | |
| Ziggurat | 17 | |
| Crypt | 2 | |
| Graveyard | 1 | |
| Tomb of Relics | 1 | |
| Halls of the Dead | 1 | |
| Slaughterhouse | 1 | |
| Spirit Tower | 6 | |
| Black Citadel | 1 | |
| Sacrificial Pit | 1 | |
| Boneyard | 2 | |
34 total
» build order
00:10 Altar of Darkness
00:13 Ziggurat
00:46 Crypt
01:09 Graveyard
01:27 Crypt
01:42 Ziggurat
03:20 Ziggurat
03:43 Tomb of Relics
04:21 Halls of the Dead
05:51 Ziggurat
08:51 Ziggurat
09:43 Slaughterhouse
09:49 Ziggurat
09:51 Ziggurat
09:53 Ziggurat
09:55 Ziggurat
10:43 Spirit Tower
10:45 Spirit Tower
10:47 Spirit Tower
10:48 Spirit Tower
11:30 Black Citadel
12:14 Sacrificial Pit
13:53 Boneyard
14:43 Boneyard
14:58 Spirit Tower
18:31 Ziggurat
18:42 Ziggurat
18:45 Ziggurat
18:48 Ziggurat
19:51 Spirit Tower
20:49 Ziggurat
29:44 Ziggurat
29:46 Ziggurat
29:51 Ziggurat

»
1stimever (
blue | 72 APM | 3008 actions | 41:37)
5 Pit Lord
3 Rain of Fire
2 Cleaving Attack
4 Archmage
2 Blizzard
2 Brilliance Aura
4 Blood Mage
2 Flame Strike
2 Siphon Mana
» actions
| Assign group hotkey | 52 | |
| Basic commands | 5 | |
| Build / train | 96 | |
| Enter build submenu | 35 | |
| Enter hero's abilities submenu | 15 | |
| Give item / drop item | 2 | |
| Remove unit from queue | 4 | |
| Right click | 1139 | |
| Select / deselect | 443 | |
| Select group hotkey | 1013 | |
| Use ability | 204 | |
3008 total
» units
| Peasant | 11 | |
| Footman | 6 | |
| Spell Breaker | 8 | |
| Sorceress | 8 | |
| Priest | 4 | |
| Goblin Zeppelin | 1 | |
| Blue Drake | 1 | |
39 total
» upgrades
| Defend | 1 | |
| Lumber Harvesting | 1 | |
| Masonry | 3 | |
| Plating | 3 | |
| Swords | 3 | |
| Magic Sentry | 1 | |
| Control Magic | 1 | |
| Sorceress Training | 2 | |
| Priest Training | 2 | |
17 total
» buildings
| Barracks | 1 | |
| Farm | 14 | |
| Altar of Kings | 1 | |
| Scout Tower | 5 | |
| Arcane Tower | 2 | |
| Lumber Mill | 2 | |
| Arcane Vault | 1 | |
| Keep | 1 | |
| Blacksmith | 1 | |
| Arcane Sanctum | 2 | |
| Castle | 1 | |
| Town Hall | 2 | |
| Guard Tower | 2 | |
35 total
» build order
00:13 Barracks
00:39 Farm
00:41 Altar of Kings
01:09 Scout Tower
01:12 Scout Tower
01:23 Farm
01:55 Arcane Tower
01:59 Lumber Mill
02:06 Lumber Mill
02:51 Arcane Vault
02:58 Farm
03:39 Keep
03:46 Farm
05:06 Blacksmith
05:11 Farm
06:04 Arcane Sanctum
07:05 Arcane Sanctum
08:23 Castle
09:25 Town Hall
10:29 Scout Tower
10:31 Scout Tower
10:56 Arcane Tower
11:06 Guard Tower
11:10 Scout Tower
11:24 Guard Tower
13:05 Farm
13:06 Farm
13:08 Farm
13:10 Farm
21:10 Farm
21:10 Farm
21:11 Farm
21:11 Farm
21:13 Farm
39:58 Town Hall
» items
| Scroll of Regeneration | 7 | |
| Boots of Speed | 1 | |
| Lesser Clarity Potion | 1 | |
| Scroll of Town Portal | 3 | |
| Orb of Fire | 1 | |
| Dust of Appearance | 1 | |
14 total

»
falkor (
pink | 18 APM | 768 actions | 41:37)
6 Demon Hunter
3 Immolation
2 Evasion
1 Metamorphosis
5 Keeper of the Grove
3 Entangling Roots
2 Thorns Aura
» actions
| Build / train | 63 | |
| Enter build submenu | 18 | |
| Enter hero's abilities submenu | 11 | |
| Right click | 395 | |
| Select / deselect | 223 | |
| Use ability | 58 | |
768 total
» units
| Wisp | 11 | |
| Archer | 18 | |
| Huntress | 1 | |
| Dryad | 9 | |
| Hippogryph | 3 | |
42 total
» upgrades
| Reinforced Hides | 2 | |
| Strength of the Wild | 2 | |
| Abolish Magic | 1 | |
5 total
» buildings
| Altar of Elders | 1 | |
| Moon Well | 6 | |
| Ancient of War | 1 | |
| Ancient of Wonders | 1 | |
| Tree of Ages | 1 | |
| Hunter's Hall | 1 | |
| Ancient of Lore | 2 | |
| Tree of Life | 4 | |
| Ancient of Wind | 1 | |
| Tree of Eternity | 1 | |
19 total
» build order
00:11 Altar of Elders
00:17 Moon Well
00:25 Ancient of War
01:43 Moon Well
02:29 Moon Well
03:41 Ancient of Wonders
05:22 Moon Well
06:19 Tree of Ages
07:00 Hunter's Hall
09:35 Ancient of Lore
09:40 Ancient of Lore
09:51 Tree of Life
11:40 Ancient of Wind
15:02 Tree of Life
21:14 Moon Well
21:21 Moon Well
21:25 Tree of Eternity
24:55 Tree of Life
28:51 Tree of Life
» items
team 2 (winner)
D.e.a.t.h (
teal | 33 APM | 667 actions | 20:11)
4 Mountain King
2 Storm Bolt
2 Bash
2 Paladin
1 Holy Light
1 Divine Shield
2 Archmage
1 Brilliance Aura
1 Summon Water Elemental
1 Demon Hunter
1 Metamorphosis
» actions
| Build / train | 84 | |
| Enter build submenu | 26 | |
| Enter hero's abilities submenu | 9 | |
| Give item / drop item | 3 | |
| Right click | 205 | |
| Select / deselect | 244 | |
| Use ability | 96 | |
667 total
» units
| Peasant | 16 | |
| Footman | 7 | |
| Sorceress | 8 | |
| Knight | 7 | |
38 total
» upgrades
| Swords | 2 | |
| Plating | 3 | |
| Masonry | 2 | |
| Lumber Harvesting | 1 | |
| Sorceress Training | 2 | |
| Animal War Training | 1 | |
11 total
» buildings
| Altar of Kings | 1 | |
| Farm | 13 | |
| Barracks | 1 | |
| Lumber Mill | 1 | |
| Scout Tower | 5 | |
| Arcane Tower | 2 | |
| Arcane Vault | 1 | |
| Guard Tower | 3 | |
| Blacksmith | 1 | |
| Keep | 1 | |
| Town Hall | 1 | |
| Arcane Sanctum | 1 | |
| Castle | 1 | |
32 total
» build order
00:21 Altar of Kings
00:35 Farm
00:50 Barracks
01:02 Farm
01:27 Lumber Mill
01:44 Farm
01:57 Scout Tower
02:28 Scout Tower
02:31 Arcane Tower
02:38 Farm
03:03 Arcane Vault
03:26 Scout Tower
03:28 Arcane Tower
04:07 Farm
04:10 Guard Tower
04:16 Scout Tower
04:51 Blacksmith
04:56 Farm
05:23 Guard Tower
06:10 Keep
06:26 Scout Tower
07:13 Town Hall
07:17 Farm
07:19 Guard Tower
08:15 Farm
10:14 Arcane Sanctum
10:17 Castle
11:35 Farm
12:45 Farm
13:26 Farm
16:01 Farm
18:28 Farm
» items
| Circlet of Nobility | 1 | |
| Boots of Speed | 1 | |
| Lesser Clarity Potion | 5 | |
| Scroll of Regeneration | 4 | |
| Scroll of Town Portal | 3 | |
| Orb of Fire | 2 | |
16 total

»
vigila.ntism- (
purple | 69 APM | 1028 actions | 14:58)
4 Demon Hunter
2 Mana Burn
2 Evasion
» actions
| Assign group hotkey | 5 | |
| Build / train | 51 | |
| Enter build submenu | 17 | |
| Enter hero's abilities submenu | 4 | |
| Remove unit from queue | 8 | |
| Right click | 699 | |
| Select / deselect | 177 | |
| Select group hotkey | 25 | |
| Use ability | 41 | |
1028 total
» units
| Wisp | 10 | |
| Hippogryph | 3 | |
| Chimaera | 4 | |
17 total
» upgrades
| Strength of the Wild | 1 | |
| Reinforced Hides | 3 | |
| Corrosive Breath | 1 | |
5 total
» buildings
| Altar of Elders | 1 | |
| Moon Well | 7 | |
| Tree of Ages | 3 | |
| Ancient of Wonders | 1 | |
| Hunter's Hall | 1 | |
| Tree of Eternity | 3 | |
| Ancient of Wind | 1 | |
| Chimaera Roost | 3 | |
| Tree of Life | 1 | |
21 total
» build order
00:15 Altar of Elders
00:24 Moon Well
00:53 Moon Well
01:59 Tree of Ages
02:12 Ancient of Wonders
02:28 Moon Well
02:48 Hunter's Hall
05:07 Tree of Eternity
05:07 Tree of Eternity
05:53 Ancient of Wind
07:43 Chimaera Roost
07:45 Chimaera Roost
07:46 Chimaera Roost
08:48 Moon Well
12:04 Tree of Life
12:09 Moon Well
12:31 Moon Well
12:32 Moon Well
» items
| Boots of Speed | 1 | |
| Staff of Teleportation | 1 | |
| Scroll of Town Portal | 2 | |
| Potion of Healing | 2 | |
6 total
DOUGLASCALACA (
orange | 35 APM | 1468 actions | 41:37)
5 Archmage
3 Summon Water Elemental
2 Brilliance Aura
1 Demon Hunter
1 Mana Burn
» actions
| Assign group hotkey | 19 | |
| Basic commands | 1 | |
| Build / train | 104 | |
| ESC pressed | 2 | |
| Enter build submenu | 34 | |
| Enter hero's abilities submenu | 6 | |
| Give item / drop item | 4 | |
| Remove unit from queue | 4 | |
| Right click | 578 | |
| Select / deselect | 414 | |
| Select group hotkey | 165 | |
| Use ability | 137 | |
1468 total
» units
| Peasant | 23 | |
| Footman | 9 | |
| Goblin Shredder | 1 | |
| Siege Engine | 4 | |
| Rifleman | 6 | |
| Chimaera | 9 | |
| Wisp | 15 | |
67 total
» upgrades
| Gunpowder | 2 | |
| Barrage | 1 | |
| Long Rifles | 1 | |
| Masonry | 2 | |
6 total
» buildings
| Altar of Kings | 1 | |
| Farm | 11 | |
| Barracks | 1 | |
| Scout Tower | 43 | |
| Lumber Mill | 1 | |
| Arcane Tower | 2 | |
| Keep | 1 | |
| Guard Tower | 8 | |
| Blacksmith | 1 | |
| Castle | 1 | |
| Town Hall | 2 | |
| Workshop | 4 | |
| Arcane Vault | 1 | |
| Ancient Protector | 3 | |
| Tree of Life | 4 | |
| Cannon Tower | 5 | |
| Moon Well | 16 | |
105 total
» build order
00:26 Altar of Kings
00:28 Farm
00:46 Barracks
01:01 Farm
02:00 Scout Tower
02:04 Scout Tower
02:16 Lumber Mill
02:23 Farm
02:28 Arcane Tower
03:19 Farm
04:00 Keep
04:02 Guard Tower
04:50 Farm
05:53 Blacksmith
06:25 Castle
07:32 Town Hall
08:36 Workshop
08:37 Workshop
08:39 Workshop
08:40 Workshop
08:58 Town Hall
09:01 Scout Tower
09:02 Scout Tower
09:02 Scout Tower
09:02 Scout Tower
09:03 Scout Tower
09:04 Scout Tower
09:04 Scout Tower
09:06 Scout Tower
09:07 Scout Tower
10:15 Guard Tower
11:29 Farm
11:29 Farm
11:57 Guard Tower
12:23 Scout Tower
13:02 Arcane Vault
14:00 Farm
14:00 Farm
14:01 Farm
22:31 Ancient Protector
22:32 Ancient Protector
22:32 Ancient Protector
22:39 Tree of Life
22:49 Farm
22:59 Scout Tower
22:59 Scout Tower
22:59 Scout Tower
23:00 Scout Tower
23:00 Scout Tower
23:00 Scout Tower
23:02 Scout Tower
23:02 Scout Tower
23:03 Scout Tower
23:03 Scout Tower
23:04 Scout Tower
23:05 Scout Tower
23:05 Scout Tower
23:06 Scout Tower
23:07 Scout Tower
23:08 Scout Tower
23:09 Scout Tower
23:10 Scout Tower
23:10 Scout Tower
23:11 Scout Tower
23:13 Scout Tower
23:14 Scout Tower
23:15 Scout Tower
23:16 Scout Tower
23:17 Scout Tower
24:07 Guard Tower
25:13 Guard Tower
25:19 Scout Tower
25:20 Scout Tower
25:21 Scout Tower
25:22 Scout Tower
25:23 Scout Tower
25:42 Cannon Tower
25:42 Cannon Tower
25:42 Cannon Tower
25:42 Cannon Tower
26:08 Guard Tower
26:33 Arcane Tower
27:05 Guard Tower
27:34 Guard Tower
29:53 Moon Well
29:54 Moon Well
29:55 Moon Well
29:56 Moon Well
29:57 Moon Well
29:58 Moon Well
30:02 Moon Well
30:03 Moon Well
30:03 Moon Well
30:07 Moon Well
30:08 Moon Well
30:09 Moon Well
32:02 Tree of Life
36:04 Tree of Life
36:43 Moon Well
37:03 Moon Well
37:21 Moon Well
37:51 Moon Well
38:03 Tree of Life
» items
| Scroll of Town Portal | 1 | |
| Scroll of Regeneration | 1 | |
| Potion of Healing | 1 | |
3 total
Tzimisce (
yellow | 52 APM | 2152 actions | 41:38)
9 Blademaster
3 Wind Walk
3 Critical Strike
1 Bladestorm
2 Mirror Image
» actions
| Assign group hotkey | 18 | |
| Basic commands | 38 | |
| Build / train | 71 | |
| Enter build submenu | 77 | |
| Enter hero's abilities submenu | 9 | |
| Give item / drop item | 5 | |
| Remove unit from queue | 1 | |
| Right click | 1096 | |
| Select / deselect | 417 | |
| Select group hotkey | 204 | |
| Use ability | 216 | |
2152 total
» units
| Peon | 17 | |
| Grunt | 4 | |
| Goblin Zeppelin | 2 | |
| Goblin Shredder | 1 | |
| Goblin Sapper | 7 | |
31 total
» upgrades
| Ranged Weapons | 1 | |
| Armor | 2 | |
| Reinforced Defenses | 1 | |
4 total
» buildings
| Orc Burrow | 5 | |
| Altar of Storms | 2 | |
| Barracks | 1 | |
| Voodoo Lounge | 5 | |
| Stronghold | 1 | |
| War Mill | 1 | |
| Great Hall | 2 | |
| Watch Tower | 54 | |
| Fortress | 1 | |
| Beastiary | 4 | |
| Tree of Life | 1 | |
77 total
» build order
00:11 Orc Burrow
01:17 Orc Burrow
01:19 Altar of Storms
01:20 Barracks
01:23 Altar of Storms
01:37 Voodoo Lounge
02:15 Voodoo Lounge
02:58 Stronghold
04:04 Orc Burrow
04:08 War Mill
05:20 Great Hall
05:48 Orc Burrow
06:00 Watch Tower
06:01 Watch Tower
06:01 Watch Tower
06:02 Watch Tower
07:46 Watch Tower
07:46 Watch Tower
07:47 Watch Tower
10:25 Watch Tower
10:25 Watch Tower
10:26 Watch Tower
10:56 Fortress
11:00 Watch Tower
11:03 Watch Tower
12:40 Watch Tower
13:09 Beastiary
13:10 Beastiary
13:11 Beastiary
13:15 Beastiary
14:32 Watch Tower
14:32 Watch Tower
14:33 Watch Tower
14:33 Watch Tower
14:43 Watch Tower
14:43 Watch Tower
14:44 Watch Tower
17:08 Watch Tower
17:08 Watch Tower
17:08 Watch Tower
17:09 Watch Tower
17:16 Watch Tower
17:17 Watch Tower
17:29 Watch Tower
17:29 Watch Tower
17:29 Watch Tower
17:30 Watch Tower
17:33 Watch Tower
17:33 Watch Tower
18:14 Watch Tower
18:15 Watch Tower
18:39 Watch Tower
18:41 Watch Tower
18:43 Watch Tower
20:08 Watch Tower
20:09 Watch Tower
20:42 Watch Tower
20:42 Watch Tower
20:43 Watch Tower
20:43 Watch Tower
20:44 Watch Tower
20:46 Watch Tower
20:47 Watch Tower
20:47 Watch Tower
20:48 Watch Tower
23:16 Voodoo Lounge
23:18 Voodoo Lounge
23:21 Watch Tower
23:22 Watch Tower
23:24 Watch Tower
25:02 Watch Tower
28:41 Great Hall
28:43 Voodoo Lounge
39:04 Tree of Life
39:55 Orc Burrow
» items
| Healing Salve | 2 | |
| Scroll of Town Portal | 5 | |
| Potion of Healing | 4 | |
| Potion of Mana | 4 | |
| Lesser Clarity Potion | 3 | |
| Boots of Speed | 1 | |
| Staff of Teleportation | 2 | |
| Scroll of Regeneration | 1 | |
| Potion of Lesser Invulnerability | 1 | |
23 total
Chat log
(04:48 / Allies) Tzimisce: cmonn orange
(04:54 / Allies) Tzimisce: I mnean
(05:02 / Allies) DOUGLASCALACA: ty
(05:04 / Allies) Tzimisce: nvm
(06:40 / All) vigila.ntism-: lol
(07:33 / Allies) vigila.ntism-: coming cross map to expo eh
(07:34 / Allies) DOUGLASCALACA: ty
(07:47 / Allies) DOUGLASCALACA: fuck
(08:02 / Allies) DOUGLASCALACA: go exp
(08:20 / Allies) DOUGLASCALACA: go expo
(09:08 / All) vigila.ntism-: lol
(09:17 / All) Tzimisce: bad day at the office
(09:24 / Allies) Tzimisce: lumbers
(10:05 / Allies) vigila.ntism-: oj
(10:37 / Allies) DOUGLASCALACA: tp
(10:49 / Allies) vigila.ntism-: get breakers
(11:49 / Allies) DOUGLASCALACA: ty
(12:54 / Allies) DOUGLASCALACA: ty
(14:07 / Allies) vigila.ntism-: lead
(14:10 / Allies) vigila.ntism-: his web will trash me
(14:58 / Allies) Tzimisce: at my expo
(17:41 / Allies) Tzimisce: take that out with tanks
(19:43 / Allies) Tzimisce: out
(20:19 / Allies) Tzimisce: man too bad purple dropped
(20:22 / Allies) Tzimisce: nobody wanted to really use him
(23:09 / Allies) Tzimisce: move to the base down
(23:10 / Allies) Tzimisce: orange
(23:11 / Allies) Tzimisce: next base
(24:49 / All) Tzimisce: Alright gg
(25:05 / Allies) DOUGLASCALACA: gold
(25:34 / All) Tzimisce: pitlord raped my towers before I got upgrades
(25:42 / All) 1stimever: gg
(26:53 / Allies) DOUGLASCALACA: more gold, pls
(27:41 / Allies) DOUGLASCALACA: ty
(27:58 / Allies) DOUGLASCALACA: lol
(29:44 / Allies) Tzimisce: get some moonwells
(30:05 / Allies) Tzimisce: i need manas
(32:56 / All) Tojaro: come on man
(33:44 / Allies) Tzimisce: I'm gonna clear trees in bot right and make orc hall
(35:42 / Allies) Tzimisce: don't go for the mines
(35:51 / Allies) Tzimisce: yet
(39:17 / Allies) DOUGLASCALACA: lolllll
(39:25 / Allies) Tzimisce: it's gonna be a couple minuts lol
(39:36 / Allies) DOUGLASCALACA: very good
(40:07 / Allies) Tzimisce: wheres purple last wisp
(40:10 / All) Tojaro: your the worst type of person
(40:13 / Allies) Tzimisce: lol
(40:21 / All) Tzimisce: you got lucky
(40:23 / Allies) DOUGLASCALACA: infinity wood
(40:27 / Allies) DOUGLASCALACA: ?
(41:25 / Allies) Tzimisce: that's all folks lol
(41:32 / All) Tojaro: PLEASE LEAVE